Cogmind - Beta 17.1 *** ADVENTURER MODE // 2026.09.18 @ 01:15:41 Player: F-forge Result: Destroyed by as-23229 with Assembled F-torch Performance ------------- Evolutions (0) 0 Regions Visited (3) 600 Robots Destroyed (37) 185 Value Destroyed (661) 661 Prototype IDs (0) 0 Alien Tech Used (0) 0 Bonus (-412) -412 TOTAL SCORE: 1034 Bonus ------- Friendly Fire -412 Cogmind --------- Core Integrity 0/250 Matter 254/300 Energy 160/160 System Corruption 0% Temperature Cool (24) Movement Treading (160) Location -10/Exiles Parts ------- > --- POWER (1) -------- Light Nuclear Core > --- PROPULSION (2) --- Light Treads Light Treads > --- UTILITY (2) ------ Large Storage Unit > --- WEAPON (2) ------- Grenade Launcher > --- INVENTORY (15) --- Light Treads Aluminum Leg Aluminum Leg Carbon-fiber Leg Improved Heat Sink Structural Scanner Machine Analyzer Visual Processing Unit Sensor Array Signal Interpreter Improved Terrain Scanner Terrain Scan Processor Thief Drone Bay Particle Gun Peak State ------------ > --- POWER ------------ Light Nuclear Core > --- PROPULSION ------- Aluminum Leg Carbon-fiber Leg > --- UTILITY ---------- Large Storage Unit Sensor Array > --- WEAPON ----------- Light Assault Rifle Light Cannon > --- INVENTORY -------- Light Treads Light Treads Light Treads Aluminum Leg Improved Heat Sink Structural Scanner Machine Analyzer Visual Processing Unit Signal Interpreter Improved Terrain Scanner Terrain Scan Processor Light Armor Plating Thief Drone Bay Particle Gun Grenade Launcher [Rating: 14] Favorites ----------- Power Light Ion Engine Engine Light Ion Engine Power Core Light Nuclear Core Propulsion Aluminum Leg Treads Light Treads Leg Aluminum Leg Wheel Wheel Utility Large Storage Unit Device Sensor Array Storage Large Storage Unit Protection Light Armor Plating Weapon Light Assault Rifle Energy Gun Particle Gun Ballistic Gun Light Assault Rifle Ballistic Cannon Light Cannon Launcher Grenade Launcher Build | -11 -10 -10 -10 ------- Run | Yrd Mat Min Exi Slots Evolved . | . . . . Power . | . . . . Propulsion . | . . . . Utility . | . . . . Weapon . | . . . . Parts Attached 33 | 9 12 9 3 Power 4 | 1 . 3 . Engine 3 | 1 . 2 . Core 1 | . . 1 . Reactor . | . . . . Propulsion 13 | 2 4 5 2 Treads 2 | . . . 2 Leg 7 | 2 . 5 . Wheel 4 | . 4 . . Hover . | . . . . Flight . | . . . . Utility 9 | 3 5 1 . Device 5 | 2 3 . . Storage 3 | 1 2 . . Processor . | . . . . Hackware . | . . . . Protection 1 | . . 1 . Artifact . | . . . . Weapon 7 | 3 3 . 1 Energy Gun 2 | 1 1 . . Energy Cannon . | . . . . Ballistic Gun 3 | 2 1 . . Ballistic Cannon 1 | . 1 . . Launcher 1 | . . . 1 Special Weapon . | . . . . Impact Weapon . | . . . . Slashing Weapon . | . . . . Piercing Weapon . | . . . . Special Melee Weapon . | . . . . Unidentified Prototypes . | . . . . Parts Lost 4 | . . 1 3 Power . | . . . . Propulsion . | . . . . Utility 1 | . . . 1 Weapon 3 | . . 1 2 Highest Loss Streak 3 | . . 1 3 To Critical Strikes . | . . . . Average Backups 12 | 3 11 14 15 Power . | . . . . Propulsion 2 | 1 2 3 4 Utility 7 | . 5 8 9 Weapon 2 | . 2 2 2 Tool/Special . | . . . . Unused Backups 12 | . 3 1 8 Power 1 | . 1 . . Propulsion 1 | . . . 1 Utility 10 | . 2 1 7 Weapon . | . . . . Tool/Special . | . . . . Average Slot Usage (%) 99 | . 100 100 98 Engine 10 | . 14 7 . Core 3 | . . 6 14 Leg 15 | . 9 21 25 Wheel 12 | . 18 6 . Device 11 | . 14 10 . Storage 14 | . 14 14 14 Protection 2 | . . 3 14 Ballistic Gun 23 | . 27 21 12 Ballistic Cannon 3 | . . 6 14 Peak Build Rating 14 | 7 9 14 14 Average Rating 10 | 6 8 12 13 On Entrance 7 | . 7 9 14 Avg Prop Armor Cover (%) 3 | . . 3 . Naked Turns . | . . . . Heaviest Build 32 | 11 28 32 32 Greatest Support 32 | 20 32 32 25 Greatest Overweight (x) 2 | . 2 1 1 Average Overweight (x) . | . . . 1 Largest Inventory Capacity 15 | 8 15 15 15 Average Capacity 13 | 7 12 15 15 Most Carried 15 | 6 15 15 15 Average Carried 12 | 3 11 14 14 Final Capacity 15 | 8 15 15 15 Final Carried 15 | 5 15 15 14 Class Distribution -------------------- 100% | Mutant Dominant Class ---------------- Mutant | -10/Materials Mutant | -10/Mines Mutant | -10/Exiles Resources | -11 -10 -10 -10 ----------- Run | Yrd Mat Min Exi Matter Collected 946 | 316 277 353 . Remotely . | . . . . Salvage Created 1185 | 156 613 410 6 Parts 75 | 16 31 28 . Haulers Intercepted 2 | . 2 . . Recyclers Shooed 2 | . 2 . . Parts Field Recycled . | . . . . Retrieved Matter . | . . . . Parts Self-Destructed . | . . . . Prevented . | . . . . Parts Restored . | . . . . Kills | -11 -10 -10 -10 ------- Run | Yrd Mat Min Exi Combat Hostiles Destroyed 20 | . 8 11 1 Guns 15 | . 8 7 . Cannons 4 | . . 4 . AOE 1 | . . . 1 Classes Destroyed 10 | 3 6 . 1 Worker 2 | 2 . . . Builder 2 | . 1 1 . Tunneler 3 | 3 . . . Hauler 2 | . 2 . . Recycler 4 | 1 3 . . Mechanic 1 | . 1 . . Watcher 3 | . 3 . . Swarmer 8 | . 5 3 . Grunt 11 | . 3 8 . Assembled 1 | . . . 1 Thug 1 | . . 1 . Best Kill Streak 6 | 6 3 3 1 Combat Bots Only 3 | . 3 3 1 Max Kills in Single Turn 1 | 1 1 1 1 Gunslinging . | . . . . Exploded 1 | . . . 1 Melee . | . . . . Uniques/NPCs Destroyed . | . . . . Combat | -11 -10 -10 -10 -------- Run | Yrd Mat Min Exi Hostile Shots Fired 168 | . 71 70 27 Missed 50 | . 18 27 5 Hits 118 | . 53 43 22 Melee 2 | . . . 2 Projectile 116 | . 53 43 20 Critical Strikes 10 | . 2 1 7 Damage Taken 1091 | . 364 436 291 Core 254 | . 98 112 44 Absorbed by Shields . | . . . . Ignored by Resistances 332 | . 117 130 85 Core Remaining (%) 100 | 100 . . . Volleys Fired 180 | 18 106 50 6 Largest 2 | 2 2 2 2 Hottest 95 | 40 65 95 50 Shots Fired 288 | 36 145 100 7 Gun 256 | 36 143 76 1 Cannon 31 | . 2 24 5 Launcher 1 | . . . 1 Special . | . . . . Kinetic 264 | 36 128 94 6 Thermal 23 | . 17 6 . Explosive 1 | . . . 1 Electromagnetic . | . . . . Robot Hit Streak 32 | 16 29 32 27 Robot Miss Streak 3 | 2 3 2 . Penetration Max . | . . . . Secondary Targets . | . . . . Shots Hit Robots 220 | 29 99 85 7 Core Hits 84 | 12 39 30 3 Critical Kills 1 | . 1 . . Critical Parts Destroyed 2 | . . 2 . Critical Strikes 5 | . 1 4 . Destroy 3 | . 1 2 . Blast 2 | . . 2 . Melee Attacks . | . . . . Impact . | . . . . Slashing . | . . . . Piercing . | . . . . Sneak Attacks . | . . . . Combat Hostiles . | . . . . Follow-up Attacks . | . . . . Damage Inflicted 2367 | 245 821 1062 239 Guns 1740 | 245 810 676 9 Cannons 472 | . . 386 86 Explosions 144 | . . . 144 Melee . | . . . . Ramming 11 | . 11 . . Kinetic 2113 | 245 810 963 95 Thermal 99 | . . 99 . Explosive 144 | . . . 144 Electromagnetic . | . . . . Impact . | . . . . Slashing . | . . . . Piercing . | . . . . Highest Corruption . | . . . . Average Corruption . | . . . . Corruption Purged . | . . . . Corruption Blocked . | . . . . Overload Shots . | . . . . Overflow Damage 23 | . . 23 . Projectiles 23 | . . 23 . Explosions . | . . . . Melee . | . . . . Knockbacks 2 | . . 1 1 Impact . | . . . . Kinetic 2 | . . 1 1 Secondary . | . . . . Self-Inflicted Damage 33 | . 4 . 29 Shots 1 | . . . 1 Rammed 3 | . 3 . . Targets Rammed 3 | . 3 . . Kicked . | . . . . Crushed . | . . . . Highest Temperature 216 | . 216 198 20 Average Temperature 63 | . 87 55 6 Received Heat Transfer 430 | . 66 324 40 Siege Activations . | . . . . Martial Activations . | . . . . Shielding Activations . | . . . . Robots Disrupted . | . . . . Combat Hostiles . | . . . . Robots Corrupted . | . . . . Combat Hostiles . | . . . . Parts Fried . | . . . . Impact Corruptions . | . . . . Robots Melted . | . . . . Combat Hostiles . | . . . . Parts Melted . | . . . . Heat Transferred 222 | . . 222 . Parts Sabotaged . | . . . . Parts Stolen . | . . . . Parts Stripped . | . . . . Power Chain Reactions . | . . . . Alert | -11 -10 -10 -10 ------- Run | Yrd Mat Min Exi Maximum Alert Level . | . . . . Low Security (%) 100 | 100 100 100 . Level 1 . | . . . . Level 2 . | . . . . Level 3 . | . . . . Level 4 . | . . . . Level 5 . | . . . . High Security . | . . . . Max Security . | . . . . Peak Influence 95 | 10 60 95 . Initial 2 | . 2 . . Average 13 | 2 10 19 . Influence Increases 646 | 30 311 305 . Destroy 0b10 Robot/C 380 | . 160 220 . Destroy 0b10 Robot/NC 85 | 30 50 5 . Destroy Leader 90 | . 40 50 . Successful Hack 28 | . 28 . . Disable Machine 18 | . 18 . . Lose Combat Pursuer 45 | . 15 30 . Influence Decreases 646 | 25 316 305 . Entered New Map 3 | . 3 . . Time Decay 638 | 25 313 300 . Lost Part 5 | . . 5 . Squads Dispatched . | . . . . Investigation . | . . . . Extermination . | . . . . Reinforcement . | . . . . Assault . | . . . . Garrison . | . . . . Intercept . | . . . . Searches Triggered . | . . . . Construction Impeded . | . . . . Haulers Reinforced . | . . . . Active Scanning Responses . | . . . . Cargo Convoy Interrupts . | . . . . Stealth | -11 -10 -10 -10 --------- Run | Yrd Mat Min Exi Distress Signals . | . . . . Communications Jammed . | . . . . Distress Signals . | . . . . Times Spotted 38 | . 17 13 8 Peak Tracking Total 9 | . 3 3 9 Tactical Retreats 3 | . 1 2 . Traps | -11 -10 -10 -10 ------- Run | Yrd Mat Min Exi Traps Triggered . | . . . . Indirectly . | . . . . Trap Hack Attempts . | . . . . Triggered . | . . . . Disarmed . | . . . . Reprogrammed . | . . . . Reused . | . . . . Traps Extracted . | . . . . Installed . | . . . . Triggered . | . . . . Machines | -11 -10 -10 -10 ---------- Run | Yrd Mat Min Exi Machines Disabled 4 | . 2 . 2 Max in Single Turn 2 | . 1 . 2 Machines Repaired . | . . . . Machines Dismantled . | . . . . Machines Sabotaged . | . . . . Overloaded Fab Kills . | . . . . Hacking | -11 -10 -10 -10 --------- Run | Yrd Mat Min Exi Machines Accessed 9 | . 8 1 . Terminals 7 | . 7 . . Fabricators . | . . . . Repair Stations . | . . . . Recycling Units 1 | . 1 . . Scanalyzers . | . . . . Garrison Access . | . . . . Total Hacks 26 | . 25 1 . Successful 19 | . 18 1 . Failed 7 | . 7 . . Catastrophic 1 | . 1 . . Database Lockouts . | . . . . Manual 17 | . 17 . . Terminals 21 | . 21 . . Fabricators . | . . . . Repair Stations . | . . . . Recycling Units 4 | . 4 . . Scanalyzers . | . . . . Garrison Access . | . . . . Terminal Hacks 10 | . 9 1 . Open Door 1 | . . 1 . Level Access Points 1 | . 1 . . Branch Access Points 1 | . 1 . . Machine Index 1 | . 1 . . Locate Traps 4 | . 4 . . Dispatch Records 1 | . 1 . . Zone Layout 1 | . 1 . . Fabricator Hacks . | . . . . Repair Station Hacks . | . . . . Recycling Unit Hacks 1 | . 1 . . Retrieve Components 1 | . 1 . . Scanalyzer . | . . . . Garrison Access Hacks . | . . . . Unauthorized Hacks 5 | . 5 . . Terminals 5 | . 5 . . Botnet 5 | . 5 . . Fabricators . | . . . . Repair Stations . | . . . . Recycling Units . | . . . . Scanalyzers . | . . . . Garrison Access . | . . . . Data Cores Recovered . | . . . . Used . | . . . . Hacking Detections 8 | . 8 . . Full Trace Events 1 | . 1 . . Feedback Events . | . . . . Feedback Blocked . | . . . . Robot Schematics Acquired . | . . . . Robots Built . | . . . . Authchips . | . . . . Time . | . . . . Total Robot Build Rating . | . . . . Part Schematics Acquired . | . . . . Parts Built . | . . . . Authchips . | . . . . Time . | . . . . Total Part Build Rating . | . . . . Part Studies Acquired . | . . . . Parts Repaired . | . . . . Time . | . . . . Parts Recycled . | . . . . Recycled Matter . | . . . . Retrieved Matter . | . . . . Retrieved Components 9 | . 9 . . Parts Scanalyzed . | . . . . Part Schematics Acquired . | . . . . Parts Damaged . | . . . . Bothacking | -11 -10 -10 -10 ------------ Run | Yrd Mat Min Exi Used RIF Installer . | . . . . Robots Hacked . | . . . . Non-combat . | . . . . Combat . | . . . . Robot Hacks Applied . | . . . . Relay Couplers Released . | . . . . Fabnet Peak Effective % . | . . . . Robots Rewired . | . . . . Allies Hacked . | . . . . Hacks Repelled . | . . . . Allies | -11 -10 -10 -10 -------- Run | Yrd Mat Min Exi Total Allies . | . . . . Largest Group . | . . . . Highest-Rated Group . | . . . . Highest-Rated Ally . | . . . . Total Orders . | . . . . Ally Attacks . | . . . . Total Damage . | . . . . Kills . | . . . . Allies Corrupted . | . . . . Allies Melted . | . . . . Intel | -11 -10 -10 -10 ------- Run | Yrd Mat Min Exi Active Infowar (turns) 1984 | 77 1150 757 . Sensors 914 | . 157 757 . Structural 762 | . 762 . . Seismic 308 | 77 231 . . Robot Analysis Total . | . . . . Derelict Logs Recovered 1 | . . 1 . Drone Launches . | . . . . Drone Recoveries . | . . . . Exploration | -11 -10 -10 -10 ------------- Run | Yrd Mat Min Exi Turns Passed 2418 | 139 1151 1014 114 Spaces Moved 1325 | 64 748 462 51 Core 4 | 4 . . . Treads . | . . . . Legs 728 | 60 189 428 51 Wheels 593 | . 559 34 . Hover . | . . . . Flight . | . . . . Fastest Speed 50 | 50 90 100 190 Average Speed 136 | 115 105 183 190 Slowest Speed 190 | 120 190 190 190 Overloaded Moves . | . . . . Propulsion Burnouts . | . . . . Robots Hopped . | . . . . Potential Cave-ins . | . . . . Cave-ins Triggered . | . . . . Exploration Rate (%) 40 | 4 93 52 12 Regions Visited 3 Branch Regions 2 Pre-discovered Areas 1 | . . 1 . Known Exits Taken 1 | . 1 . . Unknown Exits Taken 2 | 1 . 1 . Scrap Searched 1 | . . 1 . Spaces Dug . | . . . . Terrain Destroyed 8 | . . . 8 Melee . | . . . . Projectile . | . . . . AOE 8 | . . . 8 Terrain Rammed . | . . . . Walls Destroyed . | . . . . Machines Disabled . | . . . . Actions | -11 -10 -10 -10 --------- Run | Yrd Mat Min Exi Total 1692 | 96 996 540 60 Wait 103 | . 99 4 . Move 1322 | 63 747 461 51 Hop . | . . . . Pick Up 20 | 5 13 2 . Fast Attach 12 | 7 3 2 . Attach 2 | . . 1 1 Detach 2 | . 2 . . Swap 26 | 2 11 11 2 Drop 22 | 1 12 9 . Fire 180 | 18 106 50 6 Melee . | . . . . Ram 3 | . 3 . . Kick . | . . . . Crush . | . . . . Escape Stasis . | . . . . Rewire . | . . . . Trap . | . . . . Miscellaneous . | . . . . Route ------- -11/Scrapyard -10/Materials (discovered 6 exits: *Mat x3 / *Min x2 / [*Sub]) -10/Mines (discovered 2 exits: *Mat / [*Exi]) -10/Exiles (discovered 1 exit: [*Min]) History --------- Turn | Location | Event 8 | -11/Scrapyard | Discovered new exit (range 15) 140 | -11/Scrapyard | Entered Materials 200 | -10/Materials | Discovered new exit (range 9) 310 | -10/Materials | Build established: Mutant 406 | -10/Materials | Discovered new exit (range 10) 642 | -10/Materials | Discovered new exit (range 10) 868 | -10/Materials | Discovered new exit (range 16) 917 | -10/Materials | Discovered new exit (range 16) 1160 | -10/Materials | Discovered new exit (range 15) 1236 | -10/Materials | Identified exit to Mines 1236 | -10/Materials | Identified exit to Materials 1291 | -10/Materials | Entered Mines 1306 | -10/Mines | Core integrity fell below 50% 1335 | -10/Mines | Found the Drone Emporium 1339 | -10/Mines | Found Prototype Device 1506 | -10/Mines | Learned location of Zion (-6) 1634 | -10/Mines | Discovered exit to Materials (range 4) 2052 | -10/Mines | Core integrity fell below 20% 2296 | -10/Mines | Deemed a non-threat by the Exiles lab entrance 2298 | -10/Mines | Discovered new exit (range 5) 2305 | -10/Mines | Entered Exiles 2336 | -10/Exiles | Discovered new exit (range 15) 2383 | -10/Exiles | Met 8R-AWN 2406 | -10/Exiles | Attacked by the Exiles 2419 | -10/Exiles | Destroyed by as-23229 with Assembled F-torch Last Messages --------------- 02410_ HV Slug penetrates Wall. 02412_ Penetrated by HV Slug. 02412_ Critical hit (Destroy). 02412_ HV Slug penetrates Wall. 02412_ Penetrated by HV Slug. 02412_ HV Slug penetrates Wall. 02413_ Wall collapses. 02415_ Lgt. Cannon destroyed. 02415_ Penetrated by HV Slug. 02415_ HV Slug penetrates Wall. 02415_ Penetrated by HV Slug. 02415_ HV Slug penetrates Wall. 02417_ Penetrated by HV Slug. 02417_ HV Slug penetrates Wall. 02417_ HV Slug penetrates Machine. 02417_ Machine disabled. 02417_ Lgt. Armor Plating destroyed. 02417_ Destroyed Lgt. Armor Plating. 02417_ as-43673 destroyed. 02417_ Machine disabled. Map ----- +----------------------------------------------------+ | ?????????????????????????????????????????????????? | | ?????????????????????????????????????????????????? | | ?????????????????????????????????????????????????? | | ?????????????????????????????????????????????????? | | ?????????????????????????????????????????????????? | | ?????????????????????????????????????????????????? | | ?????????????????????????????????????????????????? | | ?????????????????????????????????????????????????? | | ?????????????????????????????????????????????????? | | ?????????????????????????????????????????????????? | | ?????????????????????????????????????????????????? | | ?????????????????????????????????????????????????? | | ?????????????????????????????????????????????????? | | ????????????????????????????????????????????????## | | ??????????????????????????????????????????????## | | ?????????????????????????????????????????????## | | ?????????????????????????????????????????????# < | | ?????????????????????????????????????????????# | | ?????????????????????????????????????????????# | | ????????????????????????????????????????????## # | | ???????????????????????????????????????????## # | | ????????????????????????#####??????????????# | | ?????????????????????#### # #??????????????# | | ?????????????????????# g #?????????????## | | ?????????????????????# ##????????????## # | | ?????????????????????## a@ #????????????# ## | | ???????????????????## %a ###????????### ##? | | ???????????????????# a ########## #?? | | ???????????????????# a #""""## ##?? | | ??????????????????# * ##?? | | ??????????????? #; * #?? | | ????????????? ##;# ##? | | ????????????? ""?#;"""" #### ## | | ????????????? a #"""#?########??#### * | | ????????????? #####???????????????##### | | ??????????????a ?????????????????????????### | | ?????????????? ????????????????????????????### | | ?????????????????????????????????????????????### | | ??????????????????????????????????????????????#" | | ??????????????????????????????????????????????#### | | ?????????????????????????????????????????????????# | | ?????????????????????????????????????????????????# | | ?????????????????????????????????????????????????? | | ?????????????????????????????????????????????????? | | ?????????????????????????????????????????????????? | | ?????????????????????????????????????????????????? | | ?????????????????????????????????????????????????? | | ?????????????????????????????????????????????????? | | ?????????????????????????????????????????????????? | | ?????????????????????????????????????????????????? | +----------------------------------------------------+ Best States ------------- Heat Dissipation 25 Energy Generation 14 Energy Capacity 250 Matter Stores 300 Matter Capacity 300 Sight Range 16 Robot Scan Range 14 Terrain Scan Density 10 Armor Coverage 150 Resistance: KI 20 Resistance: TH 20 Resistance: EX 20 Resistance: EM 20 Resistance: I 20 Resistance: S 20 Resistance: P 20 Evasion (%) 55 Recoil Reduction 2 Offensive Hacking 10 Item Schematics ----------------- None Robot Schematics ------------------ None Fabricated ------------ Nothing Repaired ---------- Nothing Studied --------- None Alien Tech Used ----------------- None Achievements -------------- None Challenges ------------ None Game ------ Seed ParticleSeismicMegatreads Manual? 0 Play Time 00:30:40 Cumulative 112.1 hours Start 2026.09.18 @ 00:35:40 End 2026.09.18 @ 01:15:41 Sessions 1 Manual Loads 0 Difficulty Adventurer Special Mode None Game No. 56 Rogue 0 Adventurer 56 Explorer 0 Win Type - Total 1 Types 1/0/0/0/0/0/0/0/0/0 Lore% 44 Gallery% 42 Achievement% 38 Wizard Run 0 Options --------- Layout 2 ASCII 0 Keyboard 0 Movement Arrows Keybinds 0 Fullscreen 1 Font 16/Terminus Map View 55x47 Zoom Use 14% Tactical HUD 1 Map Filters NONE Filters NONE Steam 1 RUN: 0b74446b-ad38-4542-a8b7-6ba904c09b79